 Dungeon Crawl Stone Soup version 0.22-a0-346-ga714374 (webtiles) character file.

6386 grindst0ne the Envoy of Void (level 11, -9/90 HPs)
             Began as a Formicid Abyssal Knight on Apr 6, 2018.
             Was a High Priest of Lugonu.
             Mangled by a freezing wraith (20 damage)
             ... led by a death knight
             ... on level 11 of the Dungeon.
             The game lasted 00:25:35 (12685 turns).

grindst0ne the Envoy of Void (FoAK)                Turns: 12685, Time: 00:25:37

Health: -9/90      AC: 22    Str: 17    XL:     11   Next: 17%
Magic:  20/20      EV: 17    Int: 18    God:    Lugonu [*****.]
Gold:   218        SH:  6    Dex: 17    Spells: 10/10 levels left

rFire    . . .     SeeInvis +   D - +4 great sword (holy)
rCold    . . .     Gourm    .   G - +1 buckler {AC+3}
rNeg     . . .     Faith    .   j - +0 swamp dragon scales
rPois    +         Spirit   .   (helmet unavailable)
rElec    .         Reflect  .   f - +0 cloak
rCorr    +         Harm     .   e - +0 pair of gloves
MR       +....                  h - +1 pair of boots
Stlth    ++........             (no amulet)
HPRegen  0.25/turn              E - ring of resist corrosion
MPRegen  0.17/turn              F - ring "Efoe" {*Contam AC+2 Int+3 SInv}

@: agile
A: permanent stasis, dig shafts and tunnels, four strong arms, antennae 3,
yellow scales 1, agile 1, high mp 1, evolution 1
a: Dig, Shaft Self, Depart the Abyss, Bend Space, Banish, Corrupt, Enter the
Abyss, Renounce Religion


You were on level 11 of the Dungeon.
You worshipped Lugonu.
Lugonu was extremely pleased with you.
You were very hungry.

You visited 1 branch of the dungeon, and saw 11 of its levels.
You visited the Abyss 1 time.
You also visited: Sewer and Ossuary.

You collected 906 gold pieces.
You spent 688 gold pieces at shops.

Inventory:

Hand Weapons
 D - a +4 great sword of holy wrath (weapon)
Missiles
 m - 32 tomahawks (quivered)
Armour
 e - a +0 pair of gloves (worn)
 f - a +0 cloak (worn)
 h - a +1 pair of boots (worn)
 j - +0 swamp dragon scales (worn)
 G - a +1 buckler of protection (worn)
Jewellery
 r - an uncursed ring of ice
 u - an uncursed ring of fire {unknown}
 w - a cursed ring of teleportation {unknown}
 E - a ring of resist corrosion (left hand)
 F - the ring "Efoe" (right hand) {*Contam AC+2 Int+3 SInv}
   (You bought it in a shop on level 8 of the Dungeon)

   [ring of protection]

   It affects your AC (+2).
   It affects your intelligence (+3).
   It lets you see invisible.
   It causes magical contamination when unequipped.
Wands
 b - a wand of iceblast (18)
Scrolls
 d - 5 scrolls of fog
 k - a scroll of vulnerability
 n - a scroll of immolation {unknown}
 o - 5 scrolls of identify
 p - a scroll of enchant weapon
 q - 4 scrolls of magic mapping
 y - 8 scrolls of teleportation {unknown}
 z - 2 scrolls of fear
 B - 4 scrolls of enchant armour
 C - 5 scrolls of remove curse
Potions
 a - 2 potions of agility
 g - 4 potions of curing
 l - 3 potions of resistance
 s - 3 potions of invisibility
 t - 4 potions of magic
 v - 3 potions of ambrosia
 x - 4 potions of flight
 A - a potion of might {unknown}
Comestibles
 c - 25 rations


   Skills:
 + Level 10.0 Fighting
 * Level 3.5 Long Blades
   Level 2.6 Axes
 - Level 9.3 Armour
 + Level 2.4 Dodging
 + Level 2.7 Shields
 + Level 10.5 Invocations
 + Level 4.0 Evocations


You had 10 spell levels left.
You didn't know any spells.

Dungeon Overview and Level Annotations

Branches:
Dungeon (11/15)            Temple (0/1) D:7            Lair (0/6) D:9
    Orc (0/2) D:10

Altars:
Dithmenos
Gozag
Okawaru
Zin

Shops:
D:8 =[   D:9 (

Annotations:
D:10 1 runed door


Innate Abilities, Weirdness & Mutations

You cannot be hasted, slowed, berserked, paralysed or teleported.
You can dig through walls and to a lower floor.
Your four strong arms can wield two-handed weapons with a shield.
You have a pair of large antennae on your head. (SInv)
You are partially covered in yellow scales. (AC +2)
You are agile. (Dex +2)
You have an increased reservoir of magic. (+10% MP)
You evolve.


Message History

Okay, then.
You feel agile all of a sudden.
The death knight hits you with a halberd.
The death knight closely misses you.
You riposte.
You slice the death knight!!
The death knight is almost dead.
The death knight reflects your damage back at you!
The death knight hits you with a halberd!
* * * LOW HITPOINT WARNING * * *
You slice the death knight!!
You kill the death knight!
Lugonu accepts your kill.
Your Fighting skill increases to level 10!
Your Long Blades skill increases to level 3!
Your Evocations skill increases to level 4!
Your damage is reflected back at you!
* * * LOW HITPOINT WARNING * * *
The freezing wraith hits you!
* * * LOW HITPOINT WARNING * * *
The freezing wraith freezes you!!
You die...

#<###### #....=.#
##...$..#
.........
#.....a##
##.......# ####...
...WW..<.##.....(.
####{...{#W##
#....{.#@#
#....{#### #.....#
{ #...... {{
#...### #... ###.


You could see a freezing wraith.

Vanquished Creatures
  A death knight (D:11)
  Joseph (D:10)
  Prince Ribbit (D:5)
  A hippogriff (D:8)
  Edmund (D:6)
  A water moccasin (D:8)
  2 sky beasts
  An ice beast (D:4)
  2 phantoms
  A necrophage (D:10)
  3 orc warriors
  4 ogres
  A black bear (D:9)
  3 centaurs
  4 bullfrogs
  5 water moccasin zombies (Ossuary)
  6 scorpions
  9 killer bees
  8 wights
  2 howler monkeys (D:6)
  A bullfrog zombie (D:9)
  4 crimson imps
  5 hounds
  4 jellies
  7 orc priests
  A centaur skeleton (D:9)
  Jessica (D:3)
  2 iguanas
  Natasha (D:1)
  14 worker ants
  7 orc wizards
  A killer bee zombie (D:8)
  3 big kobold zombies (Ossuary)
  A hound zombie (D:7)
  2 mummies (Ossuary)
  A river rat (D:5)
  6 adders
  A shadow imp (D:6)
  11 oozes
  3 adder zombies (Ossuary)
  An adder skeleton (D:6)
  5 worms
  A dart slug (D:1)
  7 leopard geckos
  38 orcs
  2 ball pythons
  7 giant cockroaches
  3 gnoll zombies (Ossuary)
  10 goblins
  10 hobgoblins
  9 jackals
  16 kobolds
  5 quokkas
  13 bats
  9 frilled lizards
  6 hobgoblin zombies (Ossuary)
  A jackal skeleton (D:4)
  5 kobold zombies (Ossuary)
  A leopard gecko skeleton (D:7)
  A leopard gecko zombie (D:5)
  4 orc zombies (Ossuary)
  A quokka skeleton (D:3)
  4 rats
292 creatures vanquished.

Vanquished Creatures (others)
  An orc wizard (D:5)
  A fungus (D:2)
  8 toadstools (D:2)
10 creatures vanquished.

Grand Total: 302 creatures vanquished

Notes
Turn   | Place    | Note
-------+----------+-------------------------------------------
     0 | Abyss:1  | grindst0ne the Formicid Abyssal Knight began the quest for the Orb.
     0 | Abyss:1  | Reached XP level 1. HP: 18/18 MP: 2/2
   132 | Abyss:1  | Noticed a neqoxec
   133 | D:1      | Escaped the Abyss
   303 | D:1      | Reached * piety under Lugonu
   482 | D:1      | Reached XP level 2. HP: 20/24 MP: 3/3
   895 | D:1      | Reached XP level 3. HP: 30/30 MP: 5/5
  1381 | D:2      | Found an opulent altar of Gozag.
  1640 | D:2      | Reached XP level 4. HP: 37/37 MP: 6/6
  1658 | D:2      | Reached ** piety under Lugonu
  1678 | D:2      | Reached XP level 5. HP: 34/42 MP: 7/7
  2123 | D:2      | Noticed Natasha
  2138 | D:1      | Reached XP level 6. HP: 31/49 MP: 9/9
  2173 | D:1      | Killed Natasha
  2969 | D:3      | Reached skill level 5 in Fighting
  3123 | D:3      | Found a glowing silver altar of Zin.
  3328 | D:3      | Noticed Jessica
  3368 | D:3      | Reached skill level 5 in Invocations
  3372 | D:3      | Killed Jessica
  3372 | D:3      | Reached XP level 7. HP: 12/56 MP: 10/10
  3759 | D:4      | Reached skill level 5 in Armour
  4563 | D:4      | Reached XP level 8. HP: 31/64 MP: 12/12
  4676 | D:4      | Reached *** piety under Lugonu
  4913 | D:4      | Gained mutation: You are agile. (Dex +2) [potion of mutation]
  4913 | D:4      | Gained mutation: You evolve. [potion of mutation]
  5357 | D:5      | Entered Level 5 of the Dungeon
  5375 | D:5      | Found a sand-covered staircase.
  5380 | Ossuary  | Entered an ossuary
  5596 | Ossuary  | Reached **** piety under Lugonu
  5613 | Ossuary  | Reached XP level 9. HP: 24/72 MP: 14/14
  5684 | D:5      | Found a glowing drain.
  5703 | Sewer    | Entered a sewer
  6623 | D:5      | Found a shadowy altar of Dithmenos.
  6797 | D:5      | Noticed Prince Ribbit
  6975 | D:5      | Killed Prince Ribbit
  7366 | D:5      | Gained mutation: You have an increased reservoir of magic. (+10% MP) [evolution]
  7613 | D:6      | Found an iron altar of Okawaru.
  7895 | D:6      | Noticed Edmund
  7960 | D:6      | Killed Edmund
  8594 | D:6      | Reached XP level 10. HP: 78/82 MP: 18/18
  9226 | D:7      | Found a staircase to the Ecumenical Temple.
  9726 | D:7      | Reached skill level 1 in Evocations
 10514 | D:8      | Found Bynum's Armour Emporium.
 10559 | D:8      | Reached skill level 10 in Invocations
 10641 | D:8      | Found Tenum's Jewellery Boutique.
 10648 | D:8      | Bought the ring "Efoe" {*Contam AC+2 Int+3 SInv} for 262 gold pieces
 10976 | D:8      | Gained mutation: You are partially covered in yellow scales. (AC +2) [evolution]
 11073 | D:9      | Reached ***** piety under Lugonu
 11081 | D:9      | Reached skill level 1 in Dodging
 11111 | D:9      | Found Ycvys's Antique Weapon Emporium.
 11119 | D:9      | Bought a runed great sword for 228 gold pieces
 11429 | D:9      | Reached skill level 1 in Long Blades
 11481 | D:8      | Bought a +1 buckler of protection for 198 gold pieces
 11550 | D:9      | Found a staircase to the Lair.
 11707 | D:10     | Entered Level 10 of the Dungeon
 11881 | D:10     | Found a runed door.
 11890 | D:10     | Found a runed door.
 11942 | D:10     | Noticed Joseph
 11967 | D:10     | Killed Joseph
 11967 | D:10     | Reached skill level 1 in Shields
 12114 | D:10     | Reached XP level 11. HP: 39/90 MP: 20/20
 12298 | D:10     | Found a staircase to the Orcish Mines.
 12662 | D:11     | Noticed a death knight
 12685 | D:11     | Killed a death knight
 12685 | D:11     | Reached skill level 10 in Fighting
 12685 | D:11     | Mangled by a freezing wraith

Vault maps used:
D:1:      dpeg_arrival_rooms_c, corexii_item_surrounded_by_moat,
          minmay_tromino_i2
D:2:      cheibrodos_fertilizer, nicolae_gozag_seed_capital, first_ration,
          serial_forest, infiniplex_forest_lined_4_way,
          infiniplex_forest_clump_small, infiniplex_forest_lined_2,
          infiniplex_forest_straight_1, infiniplex_forest_lined_ring,
          infiniplex_forest_clump_small, infiniplex_forest_straight_4,
          uniq_natasha
D:3:      zin_scriptorium, serial_bayou_lake_a, uniq_jessica
D:4:      corexii_shack_village
D:5:      portal_sewer_entry_b, enter_ossuary_2, grunt_dithmenos_smoke,
          uniq_prince_ribbit1
D:6:      okawaru_metal_pillars_3, uniq_edmund
D:7:      minmay_temple_entry_glass
D:8:      serial_shops, shop, shop
D:9:      lair_entry_dummy, serial_shops, shop
D:10:     lemuel_insect_pit, hiddenorc1_lemuel, uniq_joseph
D:11:     cheibrodos_statue_roulette
Abyss:1:  hangedman_stitches_earthworm
Sewer:    sewer_fruit_machine
Ossuary:  ossuary_tomb_2

Skill      XL: |  1  2  3  4  5  6  7  8  9 10 11 |
---------------+----------------------------------+-----
Invocations    | 3 4 5 6 7 9 10 | 10.5
Armour         | 3 4 5 6 8 9 |  9.3
Fighting       | 4 5 6 7 8 9 10 | 10.0
Evocations     | 3 4 |  4.0
Dodging        | 1 2 |  2.4
Long Blades    | 2 3 |  3.5
Shields        | 1 2 |  2.7
Axes           | |  2.6

Action                   |  1- 3 |  4- 6 |  7- 9 | 10-12 || total
-------------------------+-------+-------+-------+-------++-------
Melee: Hand axe          |    87 |   226 |   791 |   173 ||  1277
       Great sword       |       |       |       |   140 ||   140
       Battleaxe         |       |       |       |    49 ||    49
Throw: Tomahawk          |       |     2 |    13 |       ||    15
Invok: Depart the Abyss  |     1 |       |       |       ||     1
       Bend Space        |       |       |       |     1 ||     1
 Abil: Dig               |     1 |     5 |    22 |     5 ||    33
  Use: Potion            |       |     2 |     7 |     5 ||    14
       Scroll            |       |     7 |     9 |     2 ||    18
 Stab: Invisible         |       |       |       |     2 ||     2
  Eat: Chunk             |     2 |     7 |    22 |    10 ||    41
       Ration            |       |       |       |     1 ||     1
Armor: Leather armour    |    18 |       |       |       ||    18
       Swamp dragon scal |    23 |   127 |   440 |   248 ||   838
       Skin              |       |     7 |       |       ||     7
Dodge: Dodged            |    53 |   115 |   465 |   231 ||   864
Block: Buckler           |       |       |       |    31 ||    31
       Rpst.: Great sword |       |       |       |    29 ||    29

Table legend:
 A = Spawn XP
 B = Non-spawn XP
 C = Spawn XP percentage of total XP
 D = Spawn monster count
 E = Non-spawn monster count
 F = Spawn count percentage of total count
 G = Total turns spent on level
                    A         B        C        D         E        F      G
               +---------+---------+-------+---------+---------+-------+---------
         Total |       0 |    9124 |   0.0 |       0 |     292 |   0.0 | 12685
               +---------+---------+-------+---------+---------+-------+---------
           D:1 |       0 |      81 |   0.0 |       0 |      21 |   0.0 |  1355
           D:2 |       0 |     234 |   0.0 |       0 |      30 |   0.0 |  1266
           D:3 |       0 |     235 |   0.0 |       0 |      21 |   0.0 |   916
           D:4 |       0 |     899 |   0.0 |       0 |      34 |   0.0 |  1687
           D:5 |       0 |     891 |   0.0 |       0 |      21 |   0.0 |  1143
           D:6 |       0 |    1114 |   0.0 |       0 |      21 |   0.0 |  1480
           D:7 |       0 |     587 |   0.0 |       0 |      17 |   0.0 |  1028
           D:8 |       0 |    1312 |   0.0 |       0 |      17 |   0.0 |  1018
           D:9 |       0 |     589 |   0.0 |       0 |      13 |   0.0 |   642
          D:10 |       0 |    1669 |   0.0 |       0 |      40 |   0.0 |   955
          D:11 |       0 |     898 |   0.0 |       0 |       1 |   0.0 |    23
         Sewer |       0 |      75 |   0.0 |       0 |      25 |   0.0 |   776
       Ossuary |       0 |     540 |   0.0 |       0 |      31 |   0.0 |   263
               +---------+---------+-------+---------+---------+-------+---------
